 Dungeon Crawl Stone Soup version 0.18.1-50-g88ac8fd (webtiles) character file.

4 ololoev the Firebug (level 1, -1/10 HPs)
             Began as a Deep Elf Fire Elementalist on Nov 2, 2016.
             Slain by an ooze (3 damage)
             ... on level 1 of the Dungeon.
             The game lasted 00:00:31 (64 turns).

ololoev the Firebug (Deep Elf Fire Elementalist)      Turns: 64, Time: 00:00:31

Health: -1/10      AC:  2    Str:  5    XL:     1   Next: 58%
Magic:  5/6        EV: 13    Int: 19    God:
Gold:   0          SH:  0    Dex: 15    Spells: 1 memorised, 5 levels left

rFire  . . .     SeeInvis .     (no weapon)
rCold  . . .     Gourm    .     a - +0 robe
rNeg   . . .     Faith    .     (no shield)
rPois  .         Spirit   .     (no helmet)
rElec  .         Dismiss  .     (no cloak)
rCorr  .         Reflect  .     (no gloves)
SustAt .         Harm     .     (no boots)
MR     .....                    (no amulet)
Stlth  ++........               (no ring)
                                (no ring)

@: not resistant to hostile enchantments, unstealthy
A: no striking features
a: no special abilities

Inventory:

Armour
 a - a +0 robe (worn)
Scrolls
 d - a scroll of identify {unknown}
Potions
 e - a potion of curing {unknown}
 f - a potion of might {unknown}
Books
 b - a book of Flames

   Spells                             Type                      Level
   a - Flame Tongue                   Conjuration/Fire             1
   b - Throw Flame                    Conjuration/Fire             2
   c - Conjure Flame                  Conjuration/Fire             3
   d - Inner Flame                    Hexes/Fire                   3
   e - Sticky Flame                   Conjuration/Fire             4
   f - Fireball                       Conjuration/Fire             5
Comestibles
 c - a bread ration


   Skills:
 - Level 2.4 Dodging
 - Level 2.4 Stealth
 + Level 3.1 Spellcasting
 + Level 1.4 Conjurations
 + Level 3.4 Fire Magic


You had 5 spell levels left.
You knew the following spells:

 Your Spells              Type           Power        Failure   Level  Hunger
a - Flame Tongue          Conj/Fire      ##...        8%          1    None


You were on level 1 of the Dungeon.
You were not hungry.

You visited 1 branch of the dungeon, and saw 2 of its levels.

##.## ##.##.##... ###
#...# #.........
##.###..(## #..#.###.?
#...#...((# #....#
#..(#(((((# #(#..#
#.<.'((8((#.#.#..#
#...#((((.#.#.##.### ..
#...#..(((#.#.##K#.#....
##.###()(##.#..@>.......
### #...##.####J#.###..
##.###.# #.#.# #'# #.#
#.# # #.###.# #.#.#
#.....####.#.#.#.#
#####............#
######.####### #........

Notes
Turn   | Place    | Note
--------------------------------------------------------------
     0 | D:1      | ololoev the Deep Elf Fire Elementalist began the quest for the Orb.
     0 | D:1      | Reached XP level 1. HP: 10/10 MP: 6/6
    64 | D:1      | Slain by an ooze

Dungeon Overview and Level Annotations

Branches:
Dungeon (2/15)

Altars:


Message History

Welcome, ololoev the Deep Elf Fire Elementalist.
Will you be the one to retrieve the fabulous Orb of Zot from the depths?
Press ? for a list of commands and other information.
Found a stone.
Found a staircase leading out of the dungeon.
You open the door.
Found 50 stones.
Found a stone.
There is an open door here.
You see here 3 stones.
Things that are here:
a spear; a stone You open the door.
There is an open door here.
Found a stone staircase leading down.
d - a scroll labeled NIOPSI BYINADU QUL
e - a blue potion
Found a grey potion.
An ooze comes into view.
There is a stone staircase leading down here.
f - a grey potion A kobold comes into view.
It is wielding a dagger.
The kobold shouts!
The kobold throws a stone.
The stone hits you.
You see here a stone.
The kobold throws a stone.
The stone closely misses you. The ooze hits you.
Casting: Flame Tongue
Confirm with . or Enter, or press ? or * to list all spells.
Aiming: Flame Tongue
Press: ? - help, Shift-Dir - straight line, f - ooze
Aim: an ooze The flame tongue hits the ooze.
The ooze is almost dead.
The ooze completely misses you.
Casting: Flame Tongue
Confirm with . or Enter, or press ? or * to list all spells.
Aiming: Flame Tongue
Press: ? - help, Shift-Dir - straight line, f/p - ooze
Aim: an ooze (almost dead)
The flame tongue hits the ooze.
You kill the ooze!
Casting: Flame Tongue
Confirm with . or Enter, or press ? or * to list all spells.
Aiming: Flame Tongue
Press: ? - help, Shift-Dir - straight line, f - kobold
Aim: a kobold, wielding a dagger The flame tongue hits the kobold.
You kill the kobold!
(D) Dungeon
Where to? (? - help)
Things that are here:
a dagger; a kobold corpse
Found a scroll labeled NIOPSI BYINADU QUL.
There is a stone staircase leading down here.
You climb downwards.
An adder, a rat, an ooze and a kobold come into view.
The ooze quivers.
The kobold shouts!
There is a stone staircase leading up here.
The ooze hits you. The kobold hits you but does no damage.
You climb upwards.
There is a stone staircase leading down here.
The kobold barely misses you. The ooze hits you.
You die...

You could see an ooze and a kobold.

Vanquished Creatures
  An ooze (D:1)
  A kobold (D:1)
2 creatures vanquished.

Action                   || total
-------------------------++-------
 Cast: Flame Tongue      ||     3
Armor: Robe              ||     1
Dodge: Dodged            ||     3

Vault maps used:
D:1:      minmay_arrival_shattered_statue
D:2:      nicolae_overflow_crystal_walls, kennysheep_jessica_study
